 Dungeon Crawl Stone Soup version 0.26.1-2-gb8aa6d0cf2 (webtiles) character file.

Game seed: 3885794781789929082

8 Goaboa the Firebug (level 2, 20/20 HPs)
             Began as a Draconian Fire Elementalist on Feb 16, 2021.
             Quit the game on level 1 of the Dungeon.
             The game lasted 00:03:19 (522 turns).

Goaboa the Firebug (Draconian Fire Elementalist)     Turns: 522, Time: 00:03:19

Health: 20/20      AC:  5    Str: 10    XL:     2   Next: 0%
Magic:  1/5        EV: 12    Int: 15    God:
Gold:   14         SH:  0    Dex: 11    Spells: 4/5 levels left

rFire    . . .     SeeInvis .   (no weapon)
rCold    . . .     Faith    .   (no shield)
rNeg     . . .     Spirit   .   (armour unavailable)
rPois    .         Reflect  .   (helmet restricted)
rElec    .         Harm     .   (no cloak)
rCorr    .         Rampage  .   c - +0 pair of gloves
Will     .....                  (no boots)
Stlth    ++........             a - amulet of the acrobat
HPRegen  0.06/turn              (no ring)
MPRegen  0.09/turn              (no ring)

@: no status effects
A: unfitting armour, cold-blooded, AC +4
a: no special abilities


You were on level 1 of the Dungeon.
You visited 1 branch of the dungeon, and saw 1 of its levels.

You collected 14 gold pieces.

Inventory:

Armour
 c - a +0 pair of gloves (worn)
Jewellery
 a - an amulet of the acrobat (around neck)
Scrolls
 d - a scroll of enchant armour {unknown}
 f - a scroll of remove curse {unknown}
 g - a scroll of blinking {unknown}
 h - a scroll of identify {unknown}
Potions
 b - 2 potions of degeneration {unknown}
 e - a potion of haste {unknown}


   Skills:
 + Level 1.9 Dodging
 + Level 1.9 Stealth
 + Level 2.1 Spellcasting
 + Level 1.2 Conjurations
 + Level 3.1 Fire Magic


You had 4 spell levels left.
You knew the following spells:

 Your Spells              Type           Power        Failure   Level
a - Foxfire               Conj/Fire      32%          9%          1

Your spell library contained the following spells:

 Spells                   Type           Power        Failure   Level
 Conjure Flame            Conj/Fire      8%           26%         3
 Inner Flame              Hex/Fire       6%           34%         3
 Sticky Flame             Conj/Fire      8%           65%         4
 Fireball                 Conj/Fire      4%           94%         5


Dungeon Overview and Level Annotations

Branches:
Dungeon (1/15)

Altars:


Innate Abilities, Weirdness & Mutations

Your plain brown scales are hard. (AC +4)
You cannot fit into any form of body armour.
You are cold-blooded and may be slowed by cold attacks.


Message History

You kill the ball python!
Your foxfire dissipates!
Your foxfire dissipates!
Found a stone staircase leading down.
You open the door. You open the door.
There is an open door here.
A frilled lizard comes into view.
Casting: Foxfire (safe; 9% risk of failure)
Press: ? - help, Q - select action Dir - look around, f - activate You conjure some foxfire!
Casting: Foxfire (safe; 9% risk of failure)
Press: ? - help, Q - select action Dir - look around, f - activate You conjure some foxfire!
The foxfire hits the frilled lizard.
The frilled lizard is heavily wounded.
The foxfire hits the frilled lizard.
You kill the frilled lizard!
You have reached level 2!
Are you sure you want to abandon this character and quit the game? (Confirm with "yes".)

...... ...# ...... ...# ......
...# ...... ...# ######
##...#############
#.######.................
#>.......................
###.######@.........#.####.
#......§§§.v#######.#.# #.
#......§....# #.#.#####
#.......§...#### #.#§.....
#........v.....# #.#K.....
#..............# #.#§.....
###............####.#......
#######................#......
#..........##'##########......


There were no monsters in sight!

Vanquished Creatures
  A goblin (D:1)
  2 jackals (D:1)
  A ball python (D:1)
  A bat (D:1)
  2 frilled lizards (D:1)
  A kobold (D:1)
  A rat (D:1)
9 creatures vanquished.

Vanquished Creatures (others)
  22 foxfires (D:1)
22 creatures vanquished.

Grand Total: 31 creatures vanquished

Notes
Turn   | Place    | Note
-------+----------+-------------------------------------------
     0 | D:1      | Goaboa the Draconian Fire Elementalist began the quest for
                  | the Orb.
     0 | D:1      | Reached XP level 1. HP: 14/14 MP: 3/3
   522 | D:1      | Reached XP level 2. HP: 20/20 MP: 1/5
   522 | D:1      | Quit the game

Illustrated notes

Levels and vault maps discovered:
D:1:      wander_arrival_lonely_grave, layout_basic, minmay_crystal_water,
          st_stairs_8

Action                   || total
-------------------------++-------
Melee: Unarmed           ||    28
       Tailslap          ||     2
 Cast: Foxfire           ||    14
Armor: Skin              ||    12
Dodge: Dodged            ||    32
